2518 views
Uploaded 2021-10-04 10:50:56
Game version 1.32.10
31:19 long 3on3 ladder game on (6)RuinsOfStratholme
Saved by xzz
2518 views
Uploaded 2021-10-04 10:50:56
Game version 1.32.10
31:19 long 3on3 ladder game on (6)RuinsOfStratholme


122 units @ 14.6k
/ 1.3k
72 buildings @ 9.7k
/ 4.2k


| Scroll of Healing | 1 | 250 |
| Scroll of Town Portal | 3 | 1050 |
| Dust of Appearance | 1 | 75 |
| Potion of Lesser Invulnerability | 1 | 150 |
| total: | 6 | 1525g |
| Acolyte | 14 | 1050 | / | 0 |
| Ghoul | 2 | 240 | / | 0 |
| Crypt Fiend | 9 | 1935 | / | 360 |
| Obsidian Statue | 3 | 600 | / | 105 |
| Necromancer | 3 | 435 | / | 60 |
| total: | 31 | 4260g | / | 525w |
| Nerubian Tower | 5 | 500 | / | 100 |
| Spirit Tower | 1 | 145 | / | 40 |
| Crypt | 1 | 200 | / | 50 |
| Graveyard | 1 | 215 | / | 0 |
| Altar of Darkness | 2 | 360 | / | 100 |
| Ziggurat | 11 | 1650 | / | 550 |
| Tomb of Relics | 1 | 130 | / | 30 |
| Necropolis | 1 | 225 | / | 0 |
| Slaughterhouse | 1 | 140 | / | 135 |
| Temple of the Damned | 1 | 155 | / | 140 |
| Halls of the Dead | 1 | 320 | / | 210 |
| total: | 19 | 3075g | / | 1005w |
| 0:06 | Acolyte |
| 0:06 | Acolyte |
| 0:10 | Crypt |
| 0:19 | Graveyard |
| 0:43 | Altar of Darkness |
| 0:59 | Ziggurat |
| 1:16 | Ghoul |
| 1:53 | Crypt Fiend |
| 1:56 | Ziggurat |
| 2:18 | Ziggurat |
| 2:29 | Crypt Fiend |
| 2:48 | Nerubian Tower |
| 2:50 | Death Coil |
| 3:00 | Crypt Fiend |
| 3:21 | Ghoul |
| 3:26 | Creature Attack |
| 3:52 | Crypt Fiend |
| 4:14 | Crypt Fiend |
| 4:21 | Unholy Aura |
| 4:39 | Halls of the Dead |
| 4:52 | Crypt Fiend |
| 5:08 | Tomb of Relics |
| 5:30 | Death Coil |
| 5:35 | Crypt Fiend |
| 5:52 | Ziggurat |
| 5:54 | Unholy Armor |
| 5:56 | Creature Carapace |
| 6:13 | Crypt Fiend |
| 7:18 | Slaughterhouse |
| 7:22 | Temple of the Damned |
| 7:27 | Unholy Aura |
| 7:49 | Web |
| 8:19 | Potion of Lesser Invulnerability |
| 8:25 | Scroll of Healing |
| 8:36 | Obsidian Statue |
| 9:47 | Ziggurat |
| 9:50 | Acolyte |
| 9:50 | Acolyte |
| 10:04 | Spirit Tower |
| 10:27 | Frost Nova |
| 11:15 | Scroll of Town Portal |
| 11:23 | Acolyte |
| 11:23 | Acolyte |
| 11:23 | Acolyte |
| 11:24 | Acolyte |
| 11:38 | Frost Armor |
| 11:54 | Acolyte |
| 12:08 | Ziggurat |
| 12:36 | Ziggurat |
| 13:12 | Obsidian Statue |
| 13:15 | Necromancer |
| 13:39 | Scroll of Town Portal |
| 14:01 | Acolyte |
| 15:19 | Altar of Darkness |
| 15:26 | Ziggurat |
| 16:21 | Obsidian Statue |
| 16:27 | Ziggurat |
| 16:29 | Necromancer |
| 16:46 | Scroll of Town Portal |
| 16:47 | Dust of Appearance |
| 16:52 | Nerubian Tower |
| 17:05 | Nerubian Tower |
| 17:22 | Acolyte |
| 17:22 | Acolyte |
| 17:22 | Acolyte |
| 17:25 | Acolyte |
| 17:41 | Necromancer |
| 17:43 | Crypt Fiend |
| 18:06 | Improved Creature Attack |
| 19:17 | Death Coil |
| 19:56 | Necropolis |
| 19:58 | Ziggurat |
| 20:00 | Ziggurat |
| 20:39 | Frost Nova |
| 20:54 | Nerubian Tower |
| 20:55 | Nerubian Tower |
| Select group | 360 |
| Right click | 299 |
| Select | 179 |
| Build/train/purchase | 69 |
| Misc. action | 60 |
| Use ability | 27 |
| Minimap ping | 20 |
| Assign group | 19 |
| Resource trade | 4 |
| Item give/drop | 1 |
| Remove unit | 1 |


| Peasant | 5 | 375 | / | 0 |
| Footman | 18 | 2430 | / | 0 |
| Rifleman | 5 | 1025 | / | 150 |
| total: | 28 | 3830g | / | 150w |
| Scout Tower | 9 | 270 | / | 180 |
| Arcane Tower | 3 | 210 | / | 150 |
| Altar of Kings | 1 | 180 | / | 50 |
| Farm | 12 | 960 | / | 240 |
| Lumber Mill | 1 | 120 | / | 0 |
| Barracks | 2 | 320 | / | 120 |
| Blacksmith | 1 | 140 | / | 60 |
| Arcane Sanctum | 1 | 150 | / | 140 |
| Gryphon Aviary | 1 | 140 | / | 150 |
| Keep | 1 | 320 | / | 210 |
| total: | 28 | 2280g | / | 940w |
| 0:20 | Altar of Kings |
| 0:34 | Peasant |
| 0:34 | Peasant |
| 0:35 | Peasant |
| 1:54 | Farm |
| 1:55 | Farm |
| 1:56 | Farm |
| 1:57 | Farm |
| 1:58 | Farm |
| 2:00 | Farm |
| 2:17 | Lumber Mill |
| 2:28 | Barracks |
| 3:01 | Improved Lumber Harvesting |
| 3:46 | Scout Tower |
| 3:48 | Scout Tower |
| 3:50 | Scout Tower |
| 3:52 | Scout Tower |
| 3:59 | Holy Light |
| 4:09 | Footman |
| 4:09 | Footman |
| 4:20 | Improved Masonry |
| 4:39 | Defend |
| 5:38 | Blacksmith |
| 5:49 | Peasant |
| 5:49 | Peasant |
| 6:03 | Farm |
| 6:04 | Farm |
| 6:05 | Farm |
| 7:36 | Devotion Aura |
| 7:49 | Rifleman |
| 7:50 | Rifleman |
| 7:50 | Rifleman |
| 7:50 | Rifleman |
| 7:50 | Rifleman |
| 8:00 | Scout Tower |
| 8:02 | Scout Tower |
| 8:05 | Scout Tower |
| 8:11 | Farm |
| 8:13 | Farm |
| 10:07 | Footman |
| 10:07 | Footman |
| 10:07 | Footman |
| 10:08 | Footman |
| 10:08 | Footman |
| 10:08 | Footman |
| 10:08 | Footman |
| 11:30 | Arcane Tower |
| 11:35 | Arcane Tower |
| 12:58 | Keep |
| 13:13 | Farm |
| 13:20 | Iron Forged Swords |
| 13:20 | Black Gunpowder |
| 13:21 | Studded Leather Armor |
| 13:21 | Iron Plating |
| 13:31 | Footman |
| 13:31 | Footman |
| 13:31 | Footman |
| 14:53 | Scout Tower |
| 14:56 | Scout Tower |
| 17:05 | Long Rifles |
| 17:10 | Arcane Tower |
| 17:20 | Footman |
| 17:20 | Footman |
| 17:20 | Footman |
| 17:20 | Footman |
| 17:20 | Footman |
| 17:31 | Arcane Sanctum |
| 17:41 | Footman |
| 17:52 | Advanced Lumber Harvesting |
| 18:04 | Steel Forged Swords |
| 19:08 | Divine Shield |
| 19:16 | Thunder Clap |
| 19:37 | Gryphon Aviary |
| 20:57 | Priest Adept Training |
| 21:20 | Barracks |
| Right click | 347 |
| Select | 115 |
| Build/train/purchase | 51 |
| Assign group | 11 |
| Use ability | 11 |
| Select group | 10 |
| Minimap ping | 10 |
| Resource trade | 4 |
| Remove unit | 2 |
| Esc | 2 |


| Potion of Healing | 5 | 750 |
| Orb of Venom | 1 | 325 |
| Scroll of Town Portal | 1 | 350 |
| Dust of Appearance | 1 | 75 |
| Rod of Necromancy | 1 | 150 |
| total: | 9 | 1650g |
| Wisp | 45 | 2700 | / | 0 |
| Archer | 10 | 1300 | / | 100 |
| Chimaera | 7 | 2310 | / | 490 |
| Hippogryph | 1 | 160 | / | 20 |
| total: | 63 | 6470g | / | 610w |
| Ancient Protector | 4 | 540 | / | 320 |
| Altar of Elders | 1 | 180 | / | 50 |
| Moon Well | 9 | 1620 | / | 360 |
| Ancient of War | 1 | 150 | / | 60 |
| Hunter's Hall | 1 | 210 | / | 100 |
| Ancient of Wonders | 1 | 90 | / | 30 |
| Tree of Life | 2 | 680 | / | 370 |
| Ancient of Wind | 3 | 450 | / | 420 |
| Chimaera Roost | 3 | 420 | / | 570 |
| Tree of Ages | 2 | 640 | / | 360 |
| Tree of Eternity | 2 | 660 | / | 400 |
| total: | 25 | 4340g | / | 2280w |
| 0:02 | Wisp |
| 0:02 | Wisp |
| 0:08 | Altar of Elders |
| 0:11 | Moon Well |
| 0:20 | Wisp |
| 0:32 | Wisp |
| 0:47 | Ancient of War |
| 0:52 | Wisp |
| 1:01 | Wisp |
| 1:02 | Wisp |
| 1:26 | Wisp |
| 1:27 | Moon Well |
| 1:46 | Wisp |
| 1:49 | Archer |
| 1:57 | Moon Well |
| 2:02 | Wisp |
| 2:11 | Moon Well |
| 2:21 | Archer |
| 2:23 | Wisp |
| 2:27 | Mana Burn |
| 2:36 | Archer |
| 2:39 | Wisp |
| 2:39 | Wisp |
| 2:49 | Wisp |
| 3:05 | Archer |
| 3:06 | Wisp |
| 3:27 | Archer |
| 3:27 | Wisp |
| 3:37 | Wisp |
| 3:43 | Moon Well |
| 3:48 | Evasion |
| 4:03 | Archer |
| 4:04 | Wisp |
| 4:23 | Archer |
| 4:25 | Wisp |
| 4:39 | Moon Well |
| 5:07 | Tree of Ages |
| 5:32 | Archer |
| 5:34 | Mana Burn |
| 6:12 | Archer |
| 6:25 | Archer |
| 6:29 | Moon Well |
| 6:31 | Hunter's Hall |
| 6:44 | Ancient of Wonders |
| 7:38 | Tree of Eternity |
| 7:42 | Improved Bows |
| 8:08 | Evasion |
| 8:10 | Ultravision |
| 8:10 | Strength of the Wild |
| 8:41 | Potion of Healing |
| 8:42 | Potion of Healing |
| 8:42 | Potion of Healing |
| 8:42 | Potion of Healing |
| 9:00 | Trueshot Aura |
| 10:05 | Marksmanship |
| 10:07 | Chimaera Roost |
| 10:08 | Chimaera Roost |
| 10:30 | Wisp |
| 10:30 | Wisp |
| 10:30 | Wisp |
| 10:30 | Wisp |
| 10:30 | Wisp |
| 10:34 | Searing Arrows |
| 11:33 | Chimaera Roost |
| 11:34 | Corrosive Breath |
| 11:35 | Reinforced Hides |
| 11:35 | Improved Strength of the Wild |
| 11:39 | Wisp |
| 11:39 | Wisp |
| 11:39 | Wisp |
| 11:58 | Tree of Life |
| 12:00 | Moon Well |
| 12:02 | Moon Well |
| 12:05 | Ancient Protector |
| 12:06 | Nature's Blessing |
| 12:11 | Ancient Protector |
| 12:22 | Ancient Protector |
| 12:58 | Chimaera |
| 13:20 | Ancient Protector |
| 13:58 | Chimaera |
| 14:04 | Trueshot Aura |
| 14:23 | Chimaera |
| 14:43 | Tree of Life |
| 15:10 | Wisp |
| 15:11 | Wisp |
| 15:52 | Chimaera |
| 16:34 | Chimaera |
| 17:09 | Advanced Strength of the Wild |
| 17:16 | Scroll of Town Portal |
| 17:17 | Orb of Venom |
| 17:21 | Potion of Healing |
| 17:24 | Mana Burn |
| 17:31 | Wisp |
| 17:31 | Wisp |
| 17:32 | Wisp |
| 17:32 | Wisp |
| 17:32 | Wisp |
| 17:47 | Wisp |
| 17:48 | Wisp |
| 18:14 | Chimaera |
| 19:37 | Ancient of Wind |
| 20:03 | Wisp |
| 20:04 | Wisp |
| 20:04 | Wisp |
| 20:04 | Wisp |
| 20:16 | Chimaera |
| 20:22 | Wisp |
| 20:22 | Wisp |
| 20:22 | Wisp |
| 20:23 | Wisp |
| 20:23 | Wisp |
| 20:36 | Dust of Appearance |
| 20:37 | Rod of Necromancy |
| 21:23 | Hippogryph |
| 21:39 | Ancient of Wind |
| 21:40 | Ancient of Wind |
| Right click | 643 |
| Select group | 408 |
| Select | 301 |
| Misc. action | 175 |
| Build/train/purchase | 116 |
| Use ability | 48 |
| Assign group | 28 |
| Minimap ping | 22 |
| Item give/drop | 7 |
| Esc | 3 |
| Remove unit | 1 |
143 units @ 19k
/ 2.5k
139 buildings @ 18.6k
/ 9.6k


| Ritual Dagger | 1 | 125 |
| Sacrificial Skull | 1 | 50 |
| Orb of Corruption | 1 | 375 |
| Potion of Healing | 1 | 150 |
| Scroll of Town Portal | 3 | 1050 |
| total: | 7 | 1750g |
| Acolyte | 9 | 675 | / | 0 |
| Ghoul | 4 | 480 | / | 0 |
| Crypt Fiend | 16 | 3440 | / | 640 |
| Obsidian Statue | 8 | 1600 | / | 280 |
| total: | 37 | 6195g | / | 920w |
| Nerubian Tower | 2 | 200 | / | 40 |
| Spirit Tower | 4 | 580 | / | 160 |
| Crypt | 1 | 200 | / | 50 |
| Altar of Darkness | 1 | 180 | / | 50 |
| Ziggurat | 13 | 1950 | / | 650 |
| Graveyard | 1 | 215 | / | 0 |
| Tomb of Relics | 1 | 130 | / | 30 |
| Necropolis | 1 | 225 | / | 0 |
| Slaughterhouse | 1 | 140 | / | 135 |
| Halls of the Dead | 1 | 320 | / | 210 |
| Black Citadel | 1 | 325 | / | 230 |
| total: | 19 | 3040g | / | 915w |
| 0:03 | Acolyte |
| 0:04 | Acolyte |
| 0:20 | Crypt |
| 0:23 | Altar of Darkness |
| 0:33 | Ziggurat |
| 0:58 | Graveyard |
| 1:15 | Ziggurat |
| 1:27 | Ghoul |
| 1:37 | Ghoul |
| 1:52 | Ghoul |
| 2:08 | Tomb of Relics |
| 2:13 | Nerubian Tower |
| 2:23 | Carrion Beetles |
| 2:34 | Crypt Fiend |
| 3:01 | Crypt Fiend |
| 3:34 | Crypt Fiend |
| 4:04 | Ziggurat |
| 4:09 | Crypt Fiend |
| 4:34 | Halls of the Dead |
| 4:38 | Creature Attack |
| 4:49 | Spiked Carapace |
| 5:29 | Creature Carapace |
| 5:34 | Ziggurat |
| 5:46 | Ritual Dagger |
| 5:48 | Sacrificial Skull |
| 6:14 | Carrion Beetles |
| 6:26 | Crypt Fiend |
| 7:07 | Acolyte |
| 7:36 | Necropolis |
| 8:13 | Slaughterhouse |
| 8:14 | Acolyte |
| 8:14 | Acolyte |
| 8:19 | Death Coil |
| 8:36 | Ziggurat |
| 8:39 | Ziggurat |
| 8:41 | Ziggurat |
| 9:16 | Spirit Tower |
| 9:19 | Spirit Tower |
| 9:21 | Crypt Fiend |
| 9:23 | Obsidian Statue |
| 9:23 | Obsidian Statue |
| 9:41 | Improved Creature Attack |
| 9:45 | Web |
| 10:11 | Black Citadel |
| 11:50 | Unholy Aura |
| 11:58 | Ziggurat |
| 12:13 | Improved Creature Carapace |
| 12:25 | Ziggurat |
| 12:35 | Acolyte |
| 12:35 | Acolyte |
| 12:36 | Acolyte |
| 12:36 | Acolyte |
| 12:46 | Crypt Fiend |
| 12:51 | Ghoul |
| 13:12 | Ziggurat |
| 13:17 | Scroll of Town Portal |
| 13:24 | Orb of Corruption |
| 13:30 | Obsidian Statue |
| 13:30 | Obsidian Statue |
| 13:35 | Spirit Tower |
| 13:36 | Spirit Tower |
| 13:45 | Crypt Fiend |
| 14:07 | Nerubian Tower |
| 14:10 | Destroyer Form |
| 15:22 | Crypt Fiend |
| 15:22 | Crypt Fiend |
| 15:23 | Obsidian Statue |
| 15:25 | Advanced Creature Attack |
| 15:52 | Spiked Carapace |
| 16:08 | Potion of Healing |
| 16:10 | Scroll of Town Portal |
| 16:58 | Carrion Beetles |
| 17:47 | Crypt Fiend |
| 17:51 | Ziggurat |
| 18:03 | Ziggurat |
| 19:40 | Crypt Fiend |
| 19:41 | Crypt Fiend |
| 19:44 | Obsidian Statue |
| 19:45 | Obsidian Statue |
| 19:46 | Advanced Creature Carapace |
| 20:14 | Crypt Fiend |
| 20:33 | Death Coil |
| 21:00 | Crypt Fiend |
| 21:13 | Crypt Fiend |
| 21:15 | Obsidian Statue |
| 21:21 | Scroll of Town Portal |
| 21:26 | Ziggurat |
| Right click | 691 |
| Select group | 501 |
| Select | 311 |
| Build/train/purchase | 88 |
| Chat | 41 |
| Assign group | 39 |
| Use ability | 18 |
| Minimap ping | 5 |
| Item give/drop | 1 |
| Remove unit | 1 |


| Scroll of Regeneration | 4 | 400 |
| Potion of Mana | 6 | 1200 |
| Lesser Clarity Potion | 6 | 420 |
| Staff of Sanctuary | 1 | 250 |
| Scroll of Town Portal | 6 | 2100 |
| total: | 23 | 4370g |
| Peasant | 15 | 1125 | / | 0 |
| Footman | 4 | 540 | / | 0 |
| Rifleman | 15 | 3075 | / | 450 |
| Flying Machine | 11 | 1100 | / | 330 |
| total: | 45 | 5840g | / | 780w |
| Altar of Kings | 1 | 180 | / | 50 |
| Farm | 12 | 960 | / | 240 |
| Barracks | 3 | 480 | / | 180 |
| Blacksmith | 1 | 140 | / | 60 |
| Arcane Vault | 1 | 130 | / | 30 |
| Lumber Mill | 1 | 120 | / | 0 |
| Town Hall | 1 | 385 | / | 205 |
| Workshop | 2 | 280 | / | 280 |
| Keep | 2 | 640 | / | 420 |
| Castle | 2 | 720 | / | 420 |
| total: | 22 | 2675g | / | 1045w |
| 0:03 | Peasant |
| 0:04 | Peasant |
| 0:10 | Altar of Kings |
| 0:24 | Farm |
| 0:36 | Barracks |
| 0:45 | Peasant |
| 0:46 | Peasant |
| 0:47 | Peasant |
| 1:00 | Peasant |
| 1:03 | Farm |
| 1:31 | Peasant |
| 1:39 | Footman |
| 1:50 | Blacksmith |
| 2:01 | Farm |
| 2:02 | Footman |
| 2:02 | Footman |
| 2:13 | Storm Bolt |
| 2:27 | Footman |
| 2:35 | Peasant |
| 2:38 | Farm |
| 3:05 | Rifleman |
| 3:50 | Farm |
| 3:51 | Rifleman |
| 3:58 | Arcane Vault |
| 4:00 | Keep |
| 4:12 | Thunder Clap |
| 4:21 | Rifleman |
| 4:38 | Lumber Mill |
| 4:42 | Scroll of Regeneration |
| 4:46 | Scroll of Regeneration |
| 6:38 | Peasant |
| 6:38 | Peasant |
| 6:46 | Storm Bolt |
| 6:56 | Town Hall |
| 7:02 | Rifleman |
| 7:05 | Peasant |
| 7:05 | Peasant |
| 7:14 | Farm |
| 7:24 | Holy Light |
| 8:03 | Barracks |
| 8:08 | Scroll of Town Portal |
| 8:15 | Potion of Mana |
| 8:15 | Potion of Mana |
| 8:21 | Potion of Mana |
| 8:21 | Potion of Mana |
| 8:35 | Black Gunpowder |
| 9:33 | Rifleman |
| 10:41 | Rifleman |
| 10:43 | Barracks |
| 10:50 | Lesser Clarity Potion |
| 10:50 | Lesser Clarity Potion |
| 10:51 | Potion of Mana |
| 10:53 | Scroll of Town Portal |
| 10:55 | Rifleman |
| 10:57 | Farm |
| 11:02 | Long Rifles |
| 11:03 | Rifleman |
| 11:26 | Scroll of Town Portal |
| 11:45 | Farm |
| 11:46 | Rifleman |
| 11:48 | Farm |
| 11:50 | Refined Gunpowder |
| 12:22 | Rifleman |
| 12:23 | Farm |
| 13:28 | Thunder Clap |
| 13:35 | Castle |
| 14:22 | Scroll of Town Portal |
| 14:24 | Scroll of Regeneration |
| 14:27 | Devotion Aura |
| 14:28 | Rifleman |
| 14:37 | Workshop |
| 15:01 | Rifleman |
| 15:23 | Studded Leather Armor |
| 15:23 | Reinforced Leather Armor |
| 17:00 | Holy Light |
| 17:08 | Scroll of Regeneration |
| 17:08 | Lesser Clarity Potion |
| 17:18 | Rifleman |
| 17:18 | Rifleman |
| 17:22 | Workshop |
| 17:25 | Scroll of Town Portal |
| 17:26 | Potion of Mana |
| 17:29 | Lesser Clarity Potion |
| 18:06 | Flying Machine |
| 18:06 | Flying Machine |
| 18:06 | Flying Machine |
| 18:07 | Flying Machine |
| 18:07 | Flying Machine |
| 18:15 | Rifleman |
| 18:24 | Farm |
| 19:08 | Flying Machine |
| 19:20 | Lesser Clarity Potion |
| 19:22 | Scroll of Town Portal |
| 19:23 | Staff of Sanctuary |
| 19:27 | Lesser Clarity Potion |
| 19:38 | Flak Cannons |
| 19:47 | Peasant |
| 19:47 | Peasant |
| 19:47 | Peasant |
| 19:52 | Flying Machine |
| 19:52 | Flying Machine |
| 20:13 | Flying Machine |
| 20:32 | Flying Machine |
| 20:37 | Flying Machine |
| 20:40 | Farm |
| 21:37 | Storm Bolt |
| Right click | 1146 |
| Select group | 829 |
| Select | 655 |
| Build/train/purchase | 121 |
| Misc. action | 112 |
| Chat | 35 |
| Assign group | 31 |
| Use ability | 28 |
| Item give/drop | 4 |
| Remove unit | 1 |
| Minimap ping | 1 |

| Healing Salve | 3 | 300 |
| Scroll of Speed | 1 | 50 |
| Lesser Clarity Potion | 5 | 350 |
| Orb of Lightning | 1 | 375 |
| Potion of Mana | 2 | 400 |
| Potion of Healing | 1 | 150 |
| Scroll of Town Portal | 1 | 350 |
| Boots of Speed | 1 | 250 |
| Staff of Teleportation | 1 | 150 |
| Potion of Lesser Invulnerability | 2 | 300 |
| total: | 18 | 2675g |
| Peon | 38 | 2850 | / | 0 |
| Grunt | 2 | 400 | / | 0 |
| Troll Headhunter | 4 | 560 | / | 80 |
| Demolisher | 4 | 880 | / | 200 |
| Troll Batrider | 11 | 1760 | / | 440 |
| Kobold Geomancer | 1 | 255 | / | 30 |
| Assassin | 1 | 250 | / | 30 |
| total: | 61 | 6955g | / | 780w |
| Watch Tower | 75 | 8250 | / | 6000 |
| Altar of Storms | 1 | 180 | / | 50 |
| Orc Burrow | 5 | 800 | / | 200 |
| Barracks | 2 | 360 | / | 100 |
| War Mill | 4 | 820 | / | 0 |
| Voodoo Lounge | 4 | 520 | / | 120 |
| Great Hall | 4 | 1540 | / | 740 |
| Beastiary | 3 | 435 | / | 420 |
| Stronghold | 1 | 315 | / | 190 |
| Fortress | 1 | 325 | / | 190 |
| total: | 98 | 12905g | / | 7630w |
| 0:08 | Peon |
| 0:08 | Peon |
| 0:13 | Altar of Storms |
| 0:15 | Orc Burrow |
| 0:40 | Peon |
| 0:58 | Barracks |
| 1:18 | Peon |
| 1:34 | Peon |
| 1:42 | War Mill |
| 1:52 | Voodoo Lounge |
| 1:55 | Orc Burrow |
| 2:13 | Grunt |
| 2:29 | Voodoo Lounge |
| 2:50 | Grunt |
| 2:53 | Peon |
| 3:05 | Mirror Image |
| 3:15 | Troll Headhunter |
| 3:19 | Watch Tower |
| 3:36 | Troll Headhunter |
| 3:48 | Healing Salve |
| 3:56 | Healing Salve |
| 3:56 | Scroll of Speed |
| 4:09 | Watch Tower |
| 4:35 | Wind Walk |
| 4:56 | Peon |
| 4:56 | Peon |
| 4:58 | Orc Burrow |
| 5:00 | Troll Headhunter |
| 5:24 | Great Hall |
| 5:47 | Watch Tower |
| 5:47 | Watch Tower |
| 6:01 | Mirror Image |
| 6:07 | Peon |
| 6:07 | Peon |
| 6:08 | Peon |
| 6:30 | Troll Headhunter |
| 6:34 | Watch Tower |
| 7:22 | Kobold Geomancer |
| 7:24 | Assassin |
| 7:49 | Stronghold |
| 8:22 | Wind Walk |
| 8:32 | Watch Tower |
| 8:33 | Watch Tower |
| 8:34 | Watch Tower |
| 8:54 | Peon |
| 8:54 | Peon |
| 8:54 | Peon |
| 8:54 | Peon |
| 9:12 | Lesser Clarity Potion |
| 9:15 | Healing Salve |
| 9:27 | Watch Tower |
| 9:30 | Barracks |
| 9:40 | Watch Tower |
| 11:18 | Great Hall |
| 11:24 | Watch Tower |
| 11:32 | Peon |
| 11:32 | Peon |
| 11:32 | Peon |
| 11:32 | Peon |
| 11:32 | Peon |
| 11:44 | Peon |
| 11:45 | Peon |
| 11:45 | Peon |
| 11:45 | Peon |
| 11:50 | Orc Burrow |
| 12:04 | Reinforced Defenses |
| 12:24 | Beastiary |
| 12:27 | Peon |
| 12:27 | Peon |
| 12:27 | Peon |
| 12:28 | Peon |
| 12:30 | Orc Burrow |
| 12:36 | Watch Tower |
| 12:53 | Demolisher |
| 13:01 | Peon |
| 13:01 | Peon |
| 13:01 | Peon |
| 13:02 | Peon |
| 13:06 | Demolisher |
| 13:11 | Spiked Barricades |
| 13:11 | Improved Spiked Barricades |
| 13:26 | Lesser Clarity Potion |
| 13:39 | Fortress |
| 13:51 | Steel Ranged Weapons |
| 13:55 | Mirror Image |
| 14:12 | Peon |
| 14:12 | Peon |
| 14:12 | Peon |
| 14:12 | Peon |
| 14:17 | Watch Tower |
| 14:19 | Watch Tower |
| 14:20 | Watch Tower |
| 14:20 | Watch Tower |
| 14:21 | Watch Tower |
| 14:21 | Watch Tower |
| 14:28 | Lesser Clarity Potion |
| 14:55 | Beastiary |
| 15:00 | Beastiary |
| 15:06 | Boots of Speed |
| 15:09 | Staff of Teleportation |
| 15:12 | Potion of Lesser Invulnerability |
| 15:47 | Troll Batrider |
| 15:47 | Troll Batrider |
| 15:51 | Watch Tower |
| 15:52 | Watch Tower |
| 15:53 | Watch Tower |
| 15:54 | Watch Tower |
| 15:55 | Watch Tower |
| 16:19 | Troll Batrider |
| 16:36 | Liquid Fire |
| 16:39 | Steel Armor |
| 16:53 | Burning Oil |
| 16:55 | Troll Batrider |
| 17:32 | Watch Tower |
| 17:32 | Watch Tower |
| 17:32 | Watch Tower |
| 17:33 | Watch Tower |
| 17:33 | Watch Tower |
| 18:12 | Thorium Ranged Weapons |
| 18:56 | Troll Batrider |
| 19:36 | Troll Batrider |
| 19:54 | Great Hall |
| 20:03 | Orb of Lightning |
| 20:09 | Potion of Mana |
| 20:11 | Lesser Clarity Potion |
| 20:23 | Watch Tower |
| 20:24 | Watch Tower |
| 20:24 | Watch Tower |
| 20:24 | Watch Tower |
| 20:27 | Voodoo Lounge |
| 20:30 | Watch Tower |
| 20:30 | Watch Tower |
| 21:54 | Lesser Clarity Potion |
| 21:55 | Potion of Healing |
| 21:58 | Potion of Mana |
| 22:00 | Bladestorm |
| 22:01 | Scroll of Town Portal |
| 22:26 | Watch Tower |
| 22:26 | Watch Tower |
| 22:26 | Watch Tower |
| 22:26 | Watch Tower |
| 22:29 | Watch Tower |
| 22:30 | Watch Tower |
| 22:30 | Watch Tower |
| 22:30 | Watch Tower |
| 22:31 | Watch Tower |
| 22:31 | Watch Tower |
| 22:31 | Watch Tower |
| 22:31 | Watch Tower |
| 22:31 | Watch Tower |
| 22:53 | Watch Tower |
| 22:55 | Watch Tower |
| 22:56 | Watch Tower |
| 22:57 | Watch Tower |
| 22:58 | Watch Tower |
| 22:58 | Watch Tower |
| 22:59 | Watch Tower |
| 23:00 | Watch Tower |
| 23:04 | Voodoo Lounge |
| 23:31 | War Mill |
| 23:42 | War Mill |
| 23:47 | Watch Tower |
| 23:57 | Watch Tower |
| 23:57 | Watch Tower |
| 23:58 | Watch Tower |
| 24:00 | Watch Tower |
| 24:01 | Watch Tower |
| 24:02 | Watch Tower |
| 24:03 | Watch Tower |
| 24:22 | Peon |
| 24:23 | Peon |
| 24:58 | Great Hall |
| 25:02 | War Mill |
| 25:08 | Potion of Lesser Invulnerability |
| 25:17 | Demolisher |
| 25:22 | Troll Batrider |
| 25:22 | Troll Batrider |
| 25:59 | Demolisher |
| 26:06 | Thorium Armor |
| 26:08 | Arcanite Armor |
| 26:15 | Troll Regeneration |
| 26:34 | Watch Tower |
| 26:36 | Watch Tower |
| 26:37 | Watch Tower |
| 26:38 | Watch Tower |
| 26:38 | Watch Tower |
| 26:39 | Watch Tower |
| 26:39 | Watch Tower |
| 26:40 | Watch Tower |
| 26:41 | Watch Tower |
| 26:42 | Watch Tower |
| 26:43 | Watch Tower |
| 26:45 | Watch Tower |
| 27:00 | Troll Batrider |
| 27:52 | Troll Batrider |
| 28:00 | Troll Batrider |
| 28:08 | Arcanite Ranged Weapons |
| Right click | 683 |
| Select | 440 |
| Build/train/purchase | 158 |
| Select group | 134 |
| Chat | 79 |
| Assign group | 37 |
| Use ability | 32 |
| Resource trade | 20 |
| Item give/drop | 11 |
| Misc. action | 7 |
| Remove unit | 4 |
| Minimap ping | 1 |
⇛